 Dungeon Crawl Stone Soup version 0.25.1-2-g60ff931df9 (webtiles) character file.

Game seed: 5385076230618288368

69 Curus the Distorting Hill Orc (level 4, -2/39 HPs)
             Began as a Hill Orc Abyssal Knight on Nov 4, 2020.
             Was a Believer of Lugonu.
             Slain by an orc
             ... wielding a +0 trident
              (5 damage)
             ... on level 3 of the Dungeon.
             The game lasted 00:07:09 (1546 turns).

Curus the Distorting Hill Orc (HOAK)                Turns: 1546, Time: 00:07:10

Health: -2/39      AC:  6    Str: 14    XL:     4   Next: 20%
Magic:  7/7        EV: 10    Int: 12    God:    Lugonu [**....]
Gold:   67         SH:  0    Dex: 11    Spells: 3/3 levels left

rFire    . . .     SeeInvis .   i - -3 trident (curse)
rCold    . . .     Gourm    .   (no shield)
rNeg     . . .     Faith    .   e - +0 ring mail
rPois    .         Spirit   .   d - +0 helmet
rElec    .         Reflect  .   (no cloak)
rCorr    .         Harm     .   (no gloves)
MR       .....                  (no boots)
Stlth    +.........             (no amulet)
HPRegen  0.13/turn              (no ring)
MPRegen  0.10/turn              (no ring)

@: no status effects
A: no striking features
a: Depart the Abyss, Bend Space, Renounce Religion


You were on level 3 of the Dungeon.
You worshipped Lugonu.
Lugonu was pleased with you.
You were not hungry.

You visited 1 branch of the dungeon, and saw 3 of its levels.
You visited the Abyss 1 time.

You collected 67 gold pieces.

Inventory:

Hand Weapons
 a - a +1 spear
 i - a cursed -3 trident (weapon)
Armour
 b - a +0 leather armour
 d - a +0 helmet (worn)
 e - a +0 ring mail (worn)
 f - a +0 hat
Scrolls
 h - a scroll of identify
Comestibles
 c - 5 rations
 g - 5 chunks of flesh


   Skills:
 - Level 3.6 Fighting
 + Level 3.7 Polearms
 - Level 2.1 Armour
 - Level 0.7 Dodging
 + Level 4.3 Invocations


You had 3 spell levels left.
You didn't know any spells.
Your spell library was empty.

Dungeon Overview and Level Annotations

Branches:
Dungeon (3/15)

Altars:


Message History

Lugonu accepts your kill. The orc barely misses you.
The orc hits you with a +0 trident!
* * * LOW HITPOINT WARNING * * *
Found a ration.
Things that are here:
a +0 robe; 2 potions of heal wounds; the human corpse of Jessica You barely miss the orc.
The orc misses you. The orc closely misses you.
You barely miss the orc. The orc hits you but does no damage.
The orc closely misses you.
Your ring mail prevents you from hitting the orc.
You feel yourself speed up. The orc hits you but does no damage.
You closely miss the orc. The orc hits you with a +0 trident.
* * * LOW HITPOINT WARNING * * *
You closely miss the orc. The orc barely misses you.
You barely miss the orc. The orc hits you with a +0 trident.
* * * LOW HITPOINT WARNING * * *
You barely miss the orc. The orc hits you with a +0 trident.
You die...

#.##. .....##.# #
#.......## #.
#.........
##.##.......###
.....##......#######
%###.#..##.#....#.....#
......o@........#.....#
.......).(......<.....#
.....#.###..###.#.....#
....... #......#.....#
.###### ##.###########
#.# #.# #.. ###


You could see an orc.

Vanquished Creatures
  Jessica (D:3)
  An ooze (D:1)
  A dart slug (D:1)
  A leopard gecko (D:3)
  3 bats (D:1)
  9 hobgoblins
  4 jackals (D:2)
  4 frilled lizards
  4 goblins
  2 kobolds
  4 rats
34 creatures vanquished.

Notes
Turn   | Place    | Note
-------+----------+-------------------------------------------
     0 | Abyss:1  | Curus the Hill Orc Abyssal Knight began the quest for the
                  | Orb.
     0 | Abyss:1  | Reached XP level 1. HP: 19/19 MP: 2/2
    12 | Abyss:1  | Noticed a small abomination
    14 | D:1      | Escaped the Abyss
   159 | D:1      | Reached skill level 3 in Invocations
   159 | D:1      | Reached XP level 2. HP: 21/26 MP: 2/4
   935 | D:1      | Reached XP level 3. HP: 27/31 MP: 5/5
  1158 | D:2      | Reached ** piety under Lugonu
  1527 | D:3      | Noticed Jessica
  1532 | D:3      | Killed Jessica
  1532 | D:3      | Reached skill level 4 in Invocations
  1532 | D:3      | Reached XP level 4. HP: 29/39 MP: 5/7
  1546 | D:3      | Slain by an orc

Illustrated notes

Levels and vault maps discovered:
D:1:      minmay_arrival_semitransparent, layout_loops_corners
D:2:      layout_rooms, dk_noncrumbling_3, minmay_misc_feat_room
D:3:      layout_loops_cross, chequers_ecumenical_altar_simple, uniq_jessica,
          uniq_crazy_yiuf_cottage, uniq_grinder

Skill      XL: |  1  2  3 |
---------------+----------+-----
Invocations    | 3 4 |  4.3
Polearms       | 3 |  3.7
Fighting       | |  3.6
Armour         | |  2.1
Dodging        | |  0.7

Action                   |  1- 3 |  4- 6 || total
-------------------------+-------+-------++-------
Melee: Spear             |   127 |       ||   127
       Trident           |     3 |    13 ||    16
  Use: Potion            |     7 |       ||     7
       Scroll            |     4 |       ||     4
  Eat: Chunk             |     2 |       ||     2
Armor: Ring mail         |    40 |     9 ||    49
Dodge: Dodged            |    60 |    13 ||    73
